 Dungeon Crawl Stone Soup version 0.31-a0-196-g86fe4a5e66 (webtiles) character file.

Game seed: 4932394218779982357

144 qw the Skirmisher (level 5, 0/29 HPs)
             Began as a Deep Elf Hunter on June 24, 2023.
             Killed from afar by an orc wizard (6 damage)
             ... with a magic dart
             ... on level 3 of the Dungeon.
             The game lasted 00:00:52 (1828 turns).

qw the Skirmisher (Deep Elf Hunter)                 Turns: 1828, Time: 00:00:53

Health: 0/29       AC:  7    Str: 10    XL:     5   Next: 5%
Magic:  7/7        EV: 11    Int: 14    God:
Gold:   135        SH:  0    Dex: 18    Spells: 4/4 levels left

rFire   . . .        Y - +0 shortbow
rCold   . . .        (shield currently unavailable)
rNeg    . . .        e - +0 ring mail
rPois   .            c - +0 helmet
rElec   .            (no cloak)
rCorr   .            i - +0 pair of gloves
SInv    .            (no boots)
Will    .....        (no amulet) Stlth
                     (no ring)
HPRegen 0.24/turn    (no ring)
MPRegen 0.10/turn

%: no passive effects
@: confused
A: no striking features
a: no special abilities


You were on level 3 of the Dungeon.
You visited 1 branch of the dungeon, and saw 3 of its levels.

You collected 135 gold pieces.


   Skills:
 - Level 1.5 Fighting
 + Level 8.4 Ranged Weapons
 - Level 2.4 Dodging
 - Level 1.2 Stealth


You had 4 spell levels left.
You didn't know any spells.
Your spell library was empty.

Inventory:

Hand Weapons
 Y - a +0 shortbow (weapon)
Armour
 c - a +0 helmet (worn)
 e - a +0 ring mail (worn)
 i - a +0 pair of gloves (worn)
Scrolls
 d - a scroll of identify
Potions
 b - a potion of curing {unknown}

Dungeon Overview and Level Annotations

Branches:
Dungeon (3/15)

Altars:

Shops:
D:1 [


Message History

The adder is severely wounded.
You feel sick. The adder closely misses you. The rat closely misses you.
The adder bites you but does no damage. The rat barely misses you.
You shoot an arrow. The arrow closely misses the adder.
You feel sick. The adder bites you but does no damage.
The rat bites you but does no damage. The adder bites you.
You shoot an arrow. The arrow misses the adder.
You feel sick. The adder bites you but does no damage. The rat bites you.
You shoot an arrow. The arrow hits the adder!
You kill the adder!
You feel sick.
You are no longer poisoned.
The rat bites you.
You have reached level 5!
1823 ||| READING scroll of teleportation.
As you read the scroll of teleportation, it crumbles to dust.
You feel strangely unstable. The rat barely misses you.
You shoot an arrow. The arrow closely misses the rat.
The rat closely misses you.
You shoot an arrow. The arrow closely misses the rat.
The rat misses you.
You shoot an arrow. The arrow hits the rat!
You kill the rat!
Your surroundings suddenly seem different.
A rat, a frilled lizard, 2 orcs and an orc wizard come into view.
The frilled lizard hisses angrily.
The orc shouts! x2; The orc wizard shouts!
The rat closely misses you. The orc wizard casts a spell at you.
You are confused.
Enter note:
Enter note:
Enter note: The frilled lizard bites you.
The rat misses you.
A frilled lizard comes into view.
The frilled lizard bites you but does no damage.
The rat bites you.
The orc wizard gestures at you while chanting.
The magic dart hits you.
You die...

##.#####.
#l.......
#.o......
#....o...
####........
#.........#
#.........#
#..l@.o...#
#....r....#
###########


You could see an orc wizard, 2 orcs, 2 frilled lizards and a rat.

Vanquished Creatures
  A hound (D:3)
  5 adders
  A worm (D:2)
  A dart slug (D:1)
  11 endoplasms
  4 giant cockroaches
  5 goblins
  5 hobgoblins
  4 jackals (D:1)
  2 quokkas (D:1)
  5 ball pythons
  2 bats (D:3)
  5 frilled lizards
  4 kobolds
  8 rats
63 creatures vanquished.

Notes
Turn   | Place    | Note
-------+----------+-------------------------------------------
     0 | D:1      | qw the Deep Elf Hunter began the quest for the Orb.
     0 | D:1      | Reached XP level 1. HP: 12/12 MP: 3/3
     0 | D:1      | 0 ||| qw: Version: 0.3-a-9-g12657ce
     0 | D:1      | 0 ||| qw: Game counter: 4771
     0 | D:1      | 0 ||| qw: Always use a shield: true
     0 | D:1      | 0 ||| qw: God list: Okawaru
     0 | D:1      | 0 ||| qw: Allow faded altars: false
     0 | D:1      | 0 ||| qw: Do Orc after D:15 true
     0 | D:1      | 0 ||| qw: Do second Lair branch before Depths: true
     0 | D:1      | 0 ||| qw: Lair rune preference: random
     0 | D:1      | 0 ||| qw: Plans: Normal
     0 | D:1      | 0 ||| PLANNING D:1-11
    26 | D:1      | 26 ||| DROPPING scroll of butterflies.
   186 | D:1      | Reached skill level 6 in Ranged Weapons
   186 | D:1      | Reached XP level 2. HP: 15/16 MP: 4/4
   283 | D:1      | Found Kimef's Armour Shoppe.
   305 | D:1      | 305 ||| SHOPLISTING +0 pair of boots of flying (138 gold,
                  | have 30).
   305 | D:1      | 305 ||| SHOPLISTING +0 ring mail (48 gold, have 30).
   305 | D:1      | 305 ||| SHOPLISTING +1 leather armour of willpower (168
                  | gold, have 30).
   587 | D:1      | Reached XP level 3. HP: 20/20 MP: 5/5
   801 | D:1      | 801 ||| UPGRADING to +0 scale mail.
   811 | D:1      | 811 ||| DROPPING +0 leather armour.
   812 | D:1      | 812 ||| UPGRADING to +0 pair of gloves.
   817 | D:1      | 817 ||| READING scroll labelled NATRYTZI MOBRA.
   820 | D:1      | 820 ||| READING scroll labelled SYIKLO TIBRARR.
   821 | D:1      | 821 ||| READING scroll labelled QELONU EGAT.
   822 | D:1      | 822 ||| READING scroll labelled KOKLY XALA.
   823 | D:1      | 823 ||| READING 3 scrolls labelled UBIODEF PEUSERCH.
   824 | D:1      | 824 ||| DROPPING 2 scrolls of blinking.
   826 | D:1      | 826 ||| Stepping ~*~*~tactically~*~*~ (cloud).
   832 | D:1      | HP: 5/20 [poisoned by you (poison gas)]
   913 | D:2      | 913 ||| STAIRDANCE
   967 | D:2      | Reached skill level 7 in Ranged Weapons
  1089 | D:2      | Reached XP level 4. HP: 21/25 MP: 6/6
  1655 | D:2      | 1655 ||| UPGRADING to +0 helmet.
  1660 | D:2      | 1660 ||| UPGRADING to +0 ring mail.
  1670 | D:2      | 1670 ||| DROPPING +0 scale mail.
  1671 | D:2      | 1671 ||| READING scroll labelled OHUMAPROORGH.
  1672 | D:2      | 1672 ||| READING 2 scrolls of identify.
  1672 | D:2      | 1672 ||| IDENTIFYING dark potion
  1673 | D:2      | 1673 ||| DROPPING potion of degeneration.
  1813 | D:3      | Reached skill level 8 in Ranged Weapons
  1822 | D:3      | HP: 6/25 [rat (1)]
  1823 | D:3      | Reached XP level 5. HP: 7/29 MP: 7/7
  1823 | D:3      | 1823 ||| READING scroll of teleportation.
  1827 | D:3      | HP: 6/29 [frilled lizard (2)]
  1828 | D:3      | Killed from afar by an orc wizard

Levels and vault maps discovered:
D:1:      roderic_crop_circles_arrival_small, layout_basic, serial_shops, shop
D:2:      layout_loops_ring
D:3:      layout_rooms, amcnicky_mini_rare_corridor_liquid, uniq_robin

Skill      XL: |  1  2  3  4 |
---------------+-------------+-----
Ranged Weapons | 6 7 8 |  8.4
Fighting       | |  1.5
Dodging        | |  2.4
Stealth        | |  1.2

Action                     |  1- 3 |  4- 6 || total
---------------------------+-------+-------++-------
   Fire: Shortbow          |   125 |    69 ||   194
    Use: Scroll            |     5 |     3 ||     8
 Armour: Leather armour    |     7 |       ||     7
         Scale mail        |     6 |       ||     6
         Ring mail         |       |    18 ||    18
  Dodge: Dodged            |    42 |    29 ||    71

Table legend:
 A = Non-vault XP
 B = Vault XP
 C = Vault XP percentage of total XP
 D = Non-vault monster count
 E = Vault monster count
 F = Vault count percentage of total count
                 A         B        C        D         E       F
            +---------+---------+-------+---------+---------+-------
      Total |     207 |       0 |   0.0 |      63 |       0 |   0.0
            +---------+---------+-------+---------+---------+-------
        D:1 |      60 |       0 |   0.0 |      29 |       0 |   0.0
        D:2 |      57 |       0 |   0.0 |      20 |       0 |   0.0
        D:3 |      90 |       0 |   0.0 |      14 |       0 |   0.0
            +---------+---------+-------+---------+---------+-------
